 Dungeon Sprint DCSS version 0.22-a0-570-g58866f5 (webtiles) character file.

32 raistware the Slasher (level 3, -1/29 HPs)
             Began as a Formicid Fighter on June 30, 2018.
             Slain by a phantom (7 damage)
             ... in the Dungeon (Sprint IX: "|||||||||||||||||||||||||||||").
             The game lasted 00:00:29 (96 turns).

raistware the Slasher (Formicid Fighter)              Turns: 96, Time: 00:00:30

Health: -1/29      AC:  6    Str: 21    XL:     3   Next: 42%
Magic:  3/3        EV:  7    Int:  7    God:
Gold:   0          SH:  9    Dex: 10    Spells: 2/2 levels left

rFire    . . .     SeeInvis +   a - +0 long sword
rCold    . . .     Gourm    .   c - +0 shield
rNeg     . . .     Faith    .   b - +0 scale mail
rPois    .         Spirit   .   (helmet unavailable)
rElec    .         Reflect  .   (no cloak)
rCorr    .         Harm     .   (no gloves)
MR       .....                  (no boots)
Stlth    ..........             (no amulet)
HPRegen  0.09/turn              (no ring)
MPRegen  0.08/turn              (no ring)

@: lethally poisoned (-1 -> -5)
A: permanent stasis, dig shafts and tunnels, four strong arms, antennae 3
a: Dig


You were in the Dungeon.
You were not hungry.

You visited 1 branch

Inventory:

Hand Weapons
 a - a +0 long sword (weapon)
Armour
 b - a +0 scale mail (worn)
 c - a +0 shield (worn)
Scrolls
 k - a scroll of blinking
Potions
 d - a potion of might
 e - a potion of curing
 h - a potion of haste
 i - 2 potions of magic
 j - a potion of berserk rage
Comestibles
 f - a ration
 l - 5 chunks of flesh


   Skills:
 - Level 3.2 Fighting
 + Level 6.5 Long Blades
 - Level 3.2 Armour
 - Level 3.6 Shields


You had 2 spell levels left.
You didn't know any spells.
Your spell library was empty.

Dungeon Overview and Level Annotations

Branches:
Dungeon (1/1)

Altars:


Innate Abilities, Weirdness & Mutations

You cannot be hasted, slowed, berserked, paralysed or teleported.
You can dig through walls and to a lower floor.
Your four strong arms can wield two-handed weapons with a shield.
You have a pair of large antennae on your head. (SInv)


Message History

You block the phantom's attack. You block the worker ant's attack.
You slash the phantom!
The phantom is moderately damaged.
You block the phantom's attack. You block the worker ant's attack.
You completely miss the phantom.
The phantom is moderately damaged.
The worker ant bites you. The phantom hits you. The worker ant bites you.
The phantom barely misses you.
You riposte.
You hit the phantom but do no damage.
The phantom is moderately damaged.
You hit the phantom.
The phantom is moderately damaged.
The worker ant bites you.
* * * LOW HITPOINT WARNING * * *
You are poisoned.
The worker ant poisons you!
The phantom blinks!
You closely miss the phantom.
The phantom is moderately damaged.
You feel sick. You block the worker ant's attack. The phantom hits you!
You die...

▓+▓
▓.▓
▓.▓
▓.▓
▓.▓
▓S▓
▓a▓
▓@▓
▓W▓
▓.▓
▓.▓
▓.▓
▓)▓
▓.▓
▓.▓
▓.▓


You could see a phantom, a worker ant and an adder.

Vanquished Creatures
  A worker ant (D)
  A leopard gecko (D)
  2 hobgoblins (D)
  A jackal zombie (D)
  A kobold (D)
  A rat (D)
7 creatures vanquished.

Notes
Turn   | Place    | Note
-------+----------+-------------------------------------------
     0 | D        | raistware the Formicid Fighter began the quest for the Orb.
     0 | D        | Reached XP level 1. HP: 18/18 MP: 1/1
     9 | D        | Reached skill level 3 in Long Blades
    20 | D        | Reached skill level 4 in Long Blades
    26 | D        | Reached XP level 2. HP: 19/24 MP: 2/2
    77 | D        | Noticed a phantom
    87 | D        | Reached skill level 6 in Long Blades
    87 | D        | Reached XP level 3. HP: 25/29 MP: 3/3
    96 | D        | Slain by a phantom

Vault maps used:
D:        linesprint

Skill      XL: |  1  2 |
---------------+-------+-----
Long Blades    | 4 6 |  6.5
Fighting       | |  3.2
Armour         | |  3.2
Shields        | |  3.6

Action                   || total
-------------------------++-------
Melee: Long sword        ||    41
  Use: Potion            ||     1
Armor: Scale mail        ||    11
Dodge: Dodged            ||     9
Block: Shield            ||    19
       Rpst.: Long sword ||     4

Table legend:
 A = Spawn XP
 B = Non-spawn XP
 C = Spawn XP percentage of total XP
 D = Spawn monster count
 E = Non-spawn monster count
 F = Spawn count percentage of total count
 G = Total turns spent on level
                    A         B        C        D         E        F      G
               +---------+---------+-------+---------+---------+-------+---------
         Total |       0 |      46 |   0.0 |       0 |       7 |   0.0 |    96
               +---------+---------+-------+---------+---------+-------+---------
             D |       0 |      46 |   0.0 |       0 |       7 |   0.0 |    96
               +---------+---------+-------+---------+---------+-------+---------
